 Dungeon Crawl Stone Soup version 0.30-a0-576-g89cddaab80 (webtiles) character file.

Game seed: 12430126997601021883

3605 bande the Cleaver (level 10, -8/60 HPs)
             Began as a Gargoyle Fighter on Dec 31, 2022.
             Was an Elder of Okawaru.
             Mangled by an orc warrior
             ... wielding a +0 war axe
              (15 damage)
             ... in a bailey.
             The game lasted 00:11:41 (7212 turns).

bande the Cleaver (Gargoyle Fighter)                Turns: 7212, Time: 00:11:42

Health: -8/60      AC: 26    Str: 21    XL:     10   Next: 10%
Magic:  0/14       EV:  8    Int:  8    God:    Okawaru [****..]
Gold:   448        SH:  6    Dex: 13    Spells: 9/9 levels left

rFire   . . .      SeeInvis .    a - +1 war axe
rCold   . . .      Faith    .    c - +1 buckler
rNeg    + . .      Spirit   +    e - +0 crystal plate armour
rPois   ∞          Reflect  .    (no helmet)
rElec   +          Harm     .    q - +0 cloak
rCorr   .          Rampage  .    (no gloves)
Will    .....                    (no boots) Stlth
                                 s - amulet of guardian spirit
HPRegen 0.30/turn                b - +5 ring of evasion
MPRegen 0.14/turn                (no ring)

@: no status effects
A: sickness immunity, AC +7, negative energy resistance 1, electricity
resistance, torment resistance 1, petrification resistance
a: Renounce Religion, Heroism, Finesse


You were in a bailey.
You worshipped Okawaru.
Okawaru was greatly pleased with you.
You visited 1 branch of the dungeon, and saw 8 of its levels.
You also visited: Bailey.

You collected 448 gold pieces.

Inventory:

Hand Weapons
 a - a +1 war axe (weapon)
 u - a +3 flail of freezing
Armour
 c - a +1 buckler (worn)
 e - a +0 crystal plate armour (worn)
 q - a +0 cloak (worn)
Jewellery
 b - a +5 ring of evasion (left hand)
 f - a ring of fire
 m - a ring of protection from fire
 s - an amulet of guardian spirit (around neck)
 v - a ring of magical power
Wands
 h - a wand of iceblast (20)
 n - a wand of flame (36)
 t - a wand of paralysis (6)
Scrolls
 d - a scroll of silence {unknown}
 k - a scroll of magic mapping
 o - 3 scrolls of enchant armour
 r - a scroll of enchant weapon
 w - 2 scrolls of identify
 x - a scroll of poison
 y - a scroll of immolation {unknown}
Potions
 g - a potion of invisibility
 i - 2 potions of ambrosia
 j - a potion of haste
 p - 5 potions of curing
 z - a potion of mutation {unknown}


   Skills:
 + Level 6.3 Fighting
 + Level 8.3 Axes
 + Level 6.7 Armour
 + Level 5.3 Shields
 * Level 5.5 Invocations
 * Level 4.6 Evocations


You had 9 spell levels left.
You didn't know any spells.
Your spell library contained the following spells:

 Spells                   Type           Power      Damage    Failure   Level
 Freeze                   Ice            0%         1d3       100%        1
 Necrotise                Necr           0%         1d4       100%        1
 Poisonous Vapours        Pois/Air       0%         N/A       100%        2
 Frozen Ramparts          Ice            0%         1d1       100%        3
 Hailstorm                Conj/Ice       0%         3d3       100%        3
 Mephitic Cloud           Conj/Pois/Air  0%         N/A       100%        3
 Vampiric Draining        Necr           0%         2d6       100%        3
 Agony                    Necr           0%         N/A       100%        5
 Cigotuvi's Dreadful Rot  Necr/Pois/Air  Unusable   N/A       N/A         2

Dungeon Overview and Level Annotations

Branches:
Dungeon (8/15)             Temple (0/1) D:6          Bailey (1/1)
   Lair: D:8-11

Altars:
Dithmenos
Fedhas
Kikubaaqudgha
Okawaru
Qazlal
Sif Muna
Uskayaw
Vehumet
Xom
Zin

Shops:
D:3 *   D:7 ?[?[


Innate Abilities, Weirdness & Mutations

You are immune to sickness and miasma.
Your stone body is resilient. (AC +7)
You are immune to poison.
You resist negative energy. (rN+)
You are resistant to electric shocks. (rElec)
You are resistant to unholy torment.
You are immune to petrification.


Message History

You barely miss the orc knight.
The orc knight is severely wounded.
The orc knight barely misses you.
You hit the orc knight.
The orc knight is severely wounded.
The orc knight roars a battlecry!
You hit the orc knight but do no damage.
The orc knight is severely wounded.
The orc warrior no longer looks unusually strong.
The orc knight roars a battlecry!
The orc warrior goes into a battle-frenzy!
You slash the orc knight!
The orc knight is almost dead.
The orc knight hits you but does no damage.
You slash the orc knight!
The orc knight is almost dead.
You barely miss the orc warrior. The orc knight barely misses you.
The orc warrior hits you with a +0 war axe!
You slash the orc knight!
You kill the orc knight!
Okawaru is honoured by your kill. Okawaru grants you throwing weapons!
Something appears at your feet!
You closely miss the orc warrior.
The orc warrior hits you with a +0 war axe!
The orc warrior hits you but does no damage.
The orc warrior hits you with a +0 war axe!
* * * LOW HITPOINT WARNING * * *
You have reached level 10!
You hit the orc warrior but do no damage.
You barely miss the orc warrior.
The orc warrior hits you with a +0 war axe.
* * * LOW HITPOINT WARNING * * *
You hit the orc knight but do no damage.
You closely miss the orc warrior.
The orc warrior hits you but does no damage.
You slash the orc knight!
The orc knight is lightly wounded.
You hit the orc warrior but do no damage.
The orc warrior hits you with a +0 war axe!
You die...

#############
####.....o......
##.......@oo.#
##........(#'## .....⌠....#
.# #.......#'# # ###.....#.#
.#### .+ ######......###....
... .#
#≈≈≈≈≈≈≈≈.....#..####g####
.#K
#≈≈≈≈≈≈≈(≈~.####...o.g.####≈
##....(≈≈≈≈≈≈K#.Kogoo.#K≈≈≈


You could see an orc knight (strong) and 2 orc warriors.

Vanquished Creatures
  An orc knight (Bailey)
  A steam dragon (D:7)
  An acid dragon (D:5)
  2 sky beasts
  A black bear (D:6)
  An ice beast (D:6)
  3 orc warriors (Bailey)
  2 centaurs
  4 ogres
  A kobold brigand (D:8)
  Blork the orc (D:4)
  A necrophage (D:4)
  3 gnoll sergeants
  3 scorpions
  7 wights
  A howler monkey (D:6)
  3 hounds
  A gnoll bouda (D:5)
  4 orc priests
  Crazy Yiuf (D:3)
  An iguana (D:5)
  Ijyb (D:5)
  4 orc wizards
  21 gnolls
  8 adders
  A shadow imp (D:7)
  An ufetubus (D:6)
  2 dart slugs
  16 orcs
  5 bats
  11 endoplasms
  3 giant cockroaches
  5 goblins
  4 hobgoblins
  8 jackals
  16 kobolds
  7 quokkas
  14 ball pythons
  2 frilled lizards (D:2)
  4 rats
176 creatures vanquished.

Vanquished Creatures (others)
  3 withered plants (D:3)
3 creatures vanquished.

Grand Total: 179 creatures vanquished

Notes
Turn   | Place    | Note
-------+----------+-------------------------------------------
     0 | D:1      | bande the Gargoyle Fighter began the quest for the Orb.
     0 | D:1      | Reached XP level 1. HP: 14/14 MP: 1/1
   160 | D:1      | You fall into a shaft and drop 1 floor!
   194 | D:2      | Reached skill level 2 in Axes
   194 | D:2      | Reached XP level 2. HP: 11/19 MP: 2/2
   270 | D:2      | Reached XP level 3. HP: 15/23 MP: 3/3
   346 | D:2      | Noticed an ogre
   354 | D:2      | Killed an ogre
   355 | D:2      | Reached skill level 3 in Axes
   355 | D:2      | Reached XP level 4. HP: 6/29 MP: 4/4
   567 | D:2      | Reached XP level 5. HP: 33/33 MP: 5/5
   656 | D:2      | Found an iron altar of Okawaru.
  1616 | D:2      | Became a worshipper of Warmaster Okawaru
  1629 | D:3      | Found a radiant altar of Vehumet.
  1654 | D:3      | Found a faded altar of an unknown god.
  1773 | D:3      | Found Eqinekhu's General Store.
  1825 | D:3      | Found an ancient bone altar of Kikubaaqudgha.
  2032 | D:3      | Found a runed translucent door.
  2033 | D:3      | Noticed Crazy Yiuf
  2042 | D:3      | Killed Crazy Yiuf
  2082 | D:4      | Noticed an ogre
  2090 | D:4      | Killed an ogre
  2091 | D:4      | Reached skill level 4 in Axes
  2091 | D:4      | Reached skill level 1 in Invocations
  2091 | D:4      | Reached skill level 1 in Evocations
  2091 | D:4      | Reached XP level 6. HP: 38/38 MP: 6/6
  2382 | D:4      | Noticed Blork the orc
  2394 | D:4      | Killed Blork the orc
  2521 | D:4      | Reached * piety under Okawaru
  2608 | D:4      | Reached XP level 7. HP: 35/43 MP: 8/8
  3132 | D:4      | Found a shadowy altar of Dithmenos.
  3545 | D:5      | Entered Level 5 of the Dungeon
  3614 | D:5      | Reached skill level 5 in Axes
  3723 | D:5      | Reached ** piety under Okawaru
  3724 | D:5      | Reached skill level 5 in Armour
  3728 | D:5      | Reached XP level 8. HP: 43/48 MP: 8/10
  3945 | D:5      | Identified the +8 spear of the Fool {venom, rC+ Will+ Str+4
                  | Int-2}
  3955 | D:5      | Reached skill level 5 in Fighting
  4146 | D:5      | Noticed Ijyb
  4180 | D:5      | Killed Ijyb
  4508 | D:5      | Reached skill level 6 in Axes
  5287 | D:6      | Reached XP level 9. HP: 52/54 MP: 8/12
  5398 | D:6      | Reached *** piety under Okawaru
  5503 | D:6      | Found a stormy altar of Qazlal.
  5522 | D:6      | Reached skill level 7 in Axes
  5879 | D:6      | Found a staircase to the Ecumenical Temple.
  6162 | D:7      | Found a blossoming altar of Fedhas.
  6169 | D:7      | Found Qengud's Magic Scroll Shop.
  6251 | D:7      | Found a shimmering altar of Xom.
  6264 | D:7      | Found a glowing silver altar of Zin.
  6372 | D:7      | Found Adoifuif's Magic Scroll Shoppe.
  6438 | D:7      | Noticed a +0 short sword
  6438 | D:7      | Noticed a +0 dagger
  6439 | D:7      | Noticed a +0 short sword
  6440 | D:7      | Noticed a +0 spear
  6440 | D:7      | Noticed a +0 falchion
  6440 | D:7      | Noticed a +0 dagger
  6441 | D:7      | Noticed a +0 falchion
  6444 | D:7      | Noticed a +0 spear
  6447 | D:7      | Found a hide-covered altar of Uskayaw.
  6471 | D:7      | Found Hecud's Antique Armour Emporium.
  6647 | D:7      | Found Kaosh's Armour Emporium.
  6755 | D:7      | Found a shimmering blue altar of Sif Muna.
  6922 | D:8      | Reached skill level 5 in Invocations
  6927 | D:8      | Found a flagged portal.
  6939 | Bailey   | Entered a bailey
  7062 | Bailey   | Noticed an orc knight
  7065 | Bailey   | Noticed an orc knight
  7086 | Bailey   | Reached **** piety under Okawaru
  7087 | Bailey   | Reached skill level 5 in Shields
  7092 | Bailey   | Reached skill level 8 in Axes
  7158 | Bailey   | Noticed an orc knight
  7209 | Bailey   | Killed an orc knight
  7209 | Bailey   | Received a gift from Okawaru
  7210 | Bailey   | Reached XP level 10. HP: 8/60 MP: 1/14
  7212 | Bailey   | Mangled by an orc warrior

Illustrated notes

Levels and vault maps discovered:
D:1:      dpeg_arrival_castle, layout_basic, minmay_octomino_e4
D:2:      layout_rooms, basic_altar
D:3:      layout_rooms, kiku_gazebo_garden_becter, nicolae_vehumet_radiance,
          serial_shops, nicolae_shop_trees, basic_ecumenical_altar,
          uniq_crazy_yiuf_cottage
D:4:      layout_loops_ring, kennysheep_little_box, minivault_24,
          grunt_ministairs_4, nicolae_titane, uniq_blork_the_orc
D:5:      layout_basic, uniq_ijyb
D:6:      layout_loops_ring, mainiacjoe_overflow_alcove_2,
          minmay_temple_entry_mini_moons, minmay_misc_feat_plants
D:7:      layout_loops_cross, nicolae_sif_muna_little_library,
          mainiacjoe_overflow_surrounded_room, overflow_temple_1_default,
          nicolae_uskayaw_en_pointe, fedhas_ov_isle_minmay, serial_shops, shop,
          nicolae_shop_advertising_works [nicolae_subvault_shop_adworks],
          nicolae_shop_behind_doors, nicolae_diamond_shop
D:8:      layout_basic, enter_bailey_6, minivault_26, minmay_misc_feat_doors
Bailey:   bailey_axe_4, bailey

Skill      XL: |  1  2  3  4  5  6  7  8  9 |
---------------+----------------------------+-----
Axes           | 2 3 4 5 6 8 |  8.3
Armour         | 4 5 6 |  6.7
Fighting       | 4 5 6 |  6.3
Invocations    | 1 2 4 5 |  5.5
Evocations     | 1 2 3 4 |  4.6
Shields        | 4 5 |  5.3

Action                   |  1- 3 |  4- 6 |  7- 9 | 10-12 || total
-------------------------+-------+-------+-------+-------++-------
Melee: War axe           |    77 |   191 |   369 |     3 ||   640
  Use: Scroll            |       |    11 |     3 |       ||    14
       Potion            |       |     1 |     3 |       ||     4
Armor: Scale mail        |    63 |   103 |    16 |       ||   182
       Crystal plate arm |       |       |   290 |     1 ||   291
Dodge: Dodged            |    32 |    89 |   159 |       ||   280
Block: Buckler           |    19 |    57 |   130 |       ||   206

Table legend: (Time is in decaauts)
 A = Elapsed time spent in this place.
 B = Non-inter-level travel time spent in this place.
 C = Inter-level travel time spent in this place.
 D = Time resting spent in this place.
 E = Time spent auto-exploring this place.
 F = Levels seen in this place.
 G = Mean time per level.
                   A        B        C        D        E       F      G
               +--------+--------+--------+--------+--------+-----+--------+
         Total |   7395 |   7245 |    150 |   1530 |   4165 |   9 |  821.7 |
       Dungeon |   7110 |   6960 |    150 |   1383 |   4163 |   8 |  888.8 |
        Bailey |    284 |    284 |      0 |    147 |      2 |   1 |  284.0 |
               +--------+--------+--------+--------+--------+-----+--------+

Top non-repeatable levels by time:
     D:4: 1498 daAuts
     D:5: 1409 daAuts
     D:6: 1250 daAuts
     D:1: 864 daAuts
     D:2: 828 daAuts
     D:7: 741 daAuts
     D:3: 466 daAuts
  Bailey: 284 daAuts
     D:8: 50 daAuts
